[Event "DVM U14 2021"]
[Site "Willingen"]
[Date "2022.08.15"]
[Round "5"]
[White "Freude, Max"]
[Black "Fuhrmann, Bahne"]
[Result "1/2-1/2"]
[ECO "C22"]
[WhiteElo "1819"]
[BlackElo "1973"]
[Annotator "TA"]
[PlyCount "60"]
[EventDate "2022.08.12"]
[EventType "team-tourn"]
[EventRounds "7"]
[EventCountry "GER"]
[SourceTitle "playchess.com"]
[Source "ChessBase"]
[SourceQuality "1"]
[TimeControl "40/5400+30:1800+30"]

1. e4 e5 2. d4 exd4 3. Qxd4 Nc6 4. Qe3 g6 5. h4 {[%emt 0:14:59] [#]} Qe7 $146 ({Predecessor:} 5... h5 6. Nc3 Bg7 7. Bd2 d6 8. O-O-O Be6 9. Nh3 Nge7 10. Ng5 Qd7 11. Kb1 O-O-O 12. Bc1 Rhe8 {1-0 (59) Abdusattorov,N (2627)-Shahade,G (2476) Chess.com INT 2020}) 6. Nc3 {[%emt 0:01:06] Black must now prevent Nd5. C22: Centre Game.} Nb4 7. Bd3 (7. Qe2 $5 ) 7... Qc5 (7... c6 $11) 8. Nf3 $16 {[%emt 0:06:29] White is better.} Nf6 9. O-O Qxe3 $1 10. Bxe3 ({Much worse is} 10. fxe3 c6 $11) 10... Bg7 {[%emt 0:03:46] [#]} 11. Nb5 $1 Na6 12. Rfe1 {[%emt 0:01:30] 0x0.001e3d193e8adp-1022s more active pieces. The black rooks are badly placed.} O-O 13. Nxa7 Nb4 14. Nxc8 Raxc8 15. a3 d5 16. e5 (16. axb4 $18 {is the precise move to win.} dxe4 17. Be2) 16... Nxd3 17. cxd3 Nd7 18. d4 c5 19. dxc5 Nxc5 20. Rac1 (20. Rad1 $16) 20... Nd3 $11 21. Rxc8 Rxc8 22. Rd1 Nxe5 23. Nxe5 Bxe5 24. Rxd5 Bxb2 {[%emt 0:00:04][%mdl 4096] Endgame KRB-KRB. The position is equal.} 25. Rb5 Bxa3 26. Rxb7 Bd6 27. g3 Be5 28. Kg2 Kg7 29. Rd7 Rc2 30. Bd4 Bxd4 {Weighted Error Value: White=0.21 (precise) /Black=0.17 (very precise)} 1/2-1/2

[Event "DVM U14 2021"]
[Site "Willingen"]
[Date "2022.08.15"]
[Round "5"]
[White "Prinzen, Siri Marleen"]
[Black "Le, Dinh An"]
[Result "1/2-1/2"]
[ECO "D02"]
[WhiteElo "1801"]
[BlackElo "1470"]
[Annotator "NA RC"]
[PlyCount "134"]
[EventDate "2022.08.12"]
[EventType "team-tourn"]
[EventRounds "7"]
[EventCountry "GER"]
[SourceTitle "playchess.com"]
[Source "ChessBase"]
[SourceQuality "1"]
[TimeControl "40/5400+30:1800+30"]

1. d4 Nf6 2. Bf4 d5 3. e3 c5 4. c3 e6 5. Nd2 Nc6 6. Ngf3 Nh5 7. Bg3 cxd4 8. exd4 f6 9. Nh4 g6 10. Bd3 Ng7 11. Nhf3 Bd6 12. Qe2 O-O 13. O-O Re8 14. Bb5 Nh5 15. Bxd6 Qxd6 16. g3 e5 17. dxe5 fxe5 18. Nh4 ({Better is} 18. c4 $1 $11 Bg4 19. Qd3) 18... e4 19. Rad1 Nf6 20. Nc4 Qc5 21. Ne3 Re7 22. Bxc6 bxc6 23. Qd2 Ba6 24. Rfe1 Rf8 25. Qd4 Qd6 26. Nhg2 Nh5 27. c4 Ref7 28. Ng4 g5 29. cxd5 cxd5 30. Qxd5 Qxd5 31. Rxd5 Re7 32. Rxg5+ Ng7 33. Nf4 Kh8 34. Re5 Rxe5 35. Nxe5 Bb7 36. Nfg6+ hxg6 37. Nxg6+ Kg8 38. Nxf8 Kxf8 39. Rc1 Ne6 40. Rc4 Kf7 $18 41. Ra4 a6 42. Kf1 Nc5 43. Rb4 a5 44. Rd4 Ke6 45. Ke2 Ke5 46. Ke3 Nd3 47. Rxd3 exd3 48. Kxd3 Bf3 49. Ke3 Bh5 50. h3 a4 51. g4 Bg6 52. f4+ Kf6 53. a3 Bh7 54. h4 Bc2 55. Kd4 Bd1 56. g5+ Kg6 57. b4 axb3 58. Kc3 Kf5 59. Kb2 Kxf4 60. g6 Bc2 61. g7 Bh7 62. Kxb3 Kf5 63. Kc4 Kg6 64. Kd4 Kxg7 65. Ke5 Kh6 66. Kf4 Kh5 67. Kg3 Bc2 1/2-1/2

[Event "DVM U14 2021"]
[Site "Willingen"]
[Date "2022.08.15"]
[Round "5"]
[White "Braeutigam, Katerina"]
[Black "Tomasjan, Samuel"]
[Result "1-0"]
[ECO "C67"]
[WhiteElo "1781"]
[BlackElo "1741"]
[Annotator "NA RC"]
[PlyCount "49"]
[EventDate "2022.08.12"]
[EventType "team-tourn"]
[EventRounds "7"]
[EventCountry "GER"]
[SourceTitle "playchess.com"]
[Source "ChessBase"]
[SourceQuality "1"]
[TimeControl "40/5400+30:1800+30"]

1. e4 e5 2. Nf3 Nc6 3. Bb5 Nf6 4. O-O Nxe4 5. Re1 Nd6 6. Nxe5 Be7 7. Bf1 Nxe5 8. Rxe5 O-O 9. d4 Bf6 10. Re1 Nf5 11. d5 Re8 12. Nc3 d6 13. Bd3 Bd4 14. Bg5 Rxe1+ 15. Qxe1 f6 16. Bd2 Bd7 17. Qe4 g6 18. Re1 Qf8 19. Qg4 Bb6 20. Ne4 Qf7 21. Bc3 Rd8 22. Nxf6+ Kf8 23. Qg5 Bd4 24. Nxh7+ Kg7 25. Bxd4+ 1-0

[Event "DVM U14 2021"]
[Site "Willingen"]
[Date "2022.08.15"]
[Round "5"]
[White "Englert, Luca"]
[Black "Bongardt, Livius"]
[Result "1-0"]
[ECO "C90"]
[WhiteElo "1741"]
[BlackElo "1756"]
[Annotator "NA RC"]
[PlyCount "89"]
[EventDate "2022.08.12"]
[EventType "team-tourn"]
[EventRounds "7"]
[EventCountry "GER"]
[SourceTitle "playchess.com"]
[Source "ChessBase"]
[SourceQuality "1"]
[TimeControl "40/5400+30:1800+30"]

1. e4 e5 2. Nf3 Nc6 3. Bb5 a6 4. Ba4 Nf6 5. O-O b5 6. Bb3 Be7 7. Re1 O-O 8. d3 d6 9. c3 Na5 10. Bc2 c5 11. Nbd2 Qc7 12. Nf1 Re8 13. Ng3 h6 14. a4 Bd7 15. h3 Nc6 16. Be3 d5 17. axb5 axb5 18. Rxa8 Rxa8 19. d4 dxe4 20. dxe5 Nxe5 21. Nxe5 Qxe5 22. Nxe4 Be6 23. Nxf6+ Qxf6 24. Qd3 g6 25. Qxb5 Kh7 26. Bb3 Bxb3 27. Qxb3 Bd6 28. Qc4 Rc8 29. b4 Qf5 30. b5 Kg7 31. Qg4 Qxg4 32. hxg4 c4 33. Rb1 Bc5 34. Bxc5 Rxc5 35. b6 Rc8 36. b7 Rb8 37. Rb6 Kf8 38. f3 Ke7 39. Kf2 Kd7 40. Ke3 Kc7 41. Rb2 Re8+ 42. Kd4 Kb8 43. Kxc4 Re5 44. Kd4 Re8 45. c4 1-0

[Event "DVM U14 2021"]
[Site "Willingen"]
[Date "2022.08.15"]
[Round "5"]
[White "Fettig, Konrad"]
[Black "Marcziter, Alex"]
[Result "1/2-1/2"]
[ECO "C55"]
[WhiteElo "1677"]
[BlackElo "1466"]
[Annotator "NA RC"]
[PlyCount "74"]
[EventDate "2022.08.12"]
[EventType "team-tourn"]
[EventRounds "7"]
[EventCountry "GER"]
[SourceTitle "playchess.com"]
[Source "ChessBase"]
[SourceQuality "1"]
[TimeControl "40/5400+30:1800+30"]

1. e4 e5 2. Nf3 Nc6 3. Bc4 Nf6 4. d3 Be7 5. Be3 O-O 6. O-O d6 7. h3 h6 8. Nc3 Be6 9. Bb3 d5 10. Nxd5 Nxd5 11. exd5 Bxd5 12. Bxd5 Qxd5 13. Nd2 f5 14. f3 Rad8 15. Nb3 Rf6 16. Qe2 Rg6 17. Rae1 Qe6 18. f4 Bd6 19. fxe5 Qxe5 20. Bf4 Qd5 21. Bxd6 Rdxd6 22. Qf3 Rgf6 23. Qxd5+ Rxd5 24. a3 Kf7 25. Rf2 Re6 26. Rxe6 Kxe6 27. Re2+ Kf7 28. Kf2 g6 29. h4 b6 30. Nd2 Nd4 31. c4 Nxe2 32. cxd5 Nf4 33. Nc4 Nxd3+ 34. Ke3 Nc5 35. d6 cxd6 36. Nxd6+ Ke6 37. Nc8 Kd5 1/2-1/2

[Event "DVM U14 2021"]
[Site "Willingen"]
[Date "2022.08.15"]
[Round "5"]
[White "Vollbehr, Bjarne"]
[Black "Kommessin, Felix"]
[Result "1-0"]
[ECO "E05"]
[WhiteElo "1654"]
[BlackElo "1536"]
[Annotator "NA RC"]
[PlyCount "63"]
[EventDate "2022.08.12"]
[EventType "team-tourn"]
[EventRounds "7"]
[EventCountry "GER"]
[SourceTitle "playchess.com"]
[Source "ChessBase"]
[SourceQuality "1"]
[TimeControl "40/5400+30:1800+30"]

1. d4 d5 2. c4 e6 3. g3 Nf6 4. Bg2 Be7 5. Nf3 O-O 6. O-O dxc4 7. Nbd2 c5 8. Nxc4 Nc6 9. dxc5 Bxc5 10. a3 b5 11. Nfe5 Nxe5 12. Nxe5 Nd5 13. b4 Bb6 14. Bb2 Bb7 15. Rc1 Rc8 16. Qd3 a6 17. Rxc8 Qxc8 18. Rc1 Qe8 19. Bd4 Qd8 20. Bxb6 Qxb6 21. Nd7 Qd8 22. Nxf8 Qxf8 23. Qd4 Qb8 24. Bxd5 Bxd5 25. e4 Bc4 26. Rd1 Kf8 27. Qd8+ Qxd8 28. Rxd8+ Ke7 29. Ra8 Bb3 30. Rxa6 Ba4 31. Kf1 Kf6 32. Rxa4 1-0

[Event "DVM U14 2021"]
[Site "Willingen"]
[Date "2022.08.15"]
[Round "5"]
[White "Martin Fernandez, Rafael"]
[Black "Klein, Maxim"]
[Result "1-0"]
[ECO "B11"]
[WhiteElo "1645"]
[BlackElo "1323"]
[Annotator "NA RC"]
[PlyCount "27"]
[EventDate "2022.08.12"]
[EventType "team-tourn"]
[EventRounds "7"]
[EventCountry "GER"]
[SourceTitle "playchess.com"]
[Source "ChessBase"]
[SourceQuality "1"]
[TimeControl "40/5400+30:1800+30"]

1. e4 c6 2. Nf3 d5 3. Nc3 dxe4 4. Nxe4 Nf6 5. Qe2 Nxe4 6. Qxe4 Nd7 7. Bc4 Nf6 8. Ne5 e6 9. Qe2 Bd6 10. d4 h6 11. h4 Nd7 12. Nxf7 Qa5+ 13. Bd2 Qxd2+ 14. Kxd2 1-0

[Event "DVM U14 2021"]
[Site "Willingen"]
[Date "2022.08.15"]
[Round "5"]
[White "Bezsonna, Polina"]
[Black "Hoffmann, Kay"]
[Result "0-1"]
[ECO "B01"]
[WhiteElo "1631"]
[BlackElo "1653"]
[Annotator "NA RC"]
[PlyCount "88"]
[EventDate "2022.08.12"]
[EventType "team-tourn"]
[EventRounds "7"]
[EventCountry "GER"]
[SourceTitle "playchess.com"]
[Source "ChessBase"]
[SourceQuality "1"]
[TimeControl "40/5400+30:1800+30"]

1. e4 d5 2. exd5 Nf6 3. Nf3 Nxd5 4. d4 Bf5 5. a3 e6 6. Bd3 Bxd3 7. Qxd3 Nd7 8. O-O c5 9. dxc5 Nxc5 10. Qb5+ Qd7 11. Qxd7+ Nxd7 12. b3 Be7 13. c4 N5b6 14. Bb2 O-O 15. Nbd2 Rac8 16. Rfd1 Rfd8 17. Ne4 h6 18. h3 a5 19. Bd4 a4 20. Bxb6 Nxb6 21. Rxd8+ Rxd8 22. c5 f5 23. cxb6 fxe4 24. Ne1 axb3 25. Rb1 Rd2 26. Rxb3 Bc5 27. a4 Bxf2+ 28. Kf1 Bc5 29. Rb5 Rf2+ 30. Kg1 Rf5+ 31. Kh2 Bd6+ 32. Kg1 Rxb5 33. axb5 Bc5+ 34. Kf1 Bxb6 35. Nc2 Bc5 36. Na1 Kf7 37. Nb3 Bb6 38. Nd2 e3 39. Nc4 Bc5 40. Ke2 Kf6 41. Nxe3 Bxe3 42. Kxe3 Ke5 43. b6 g6 44. g3 g5 0-1

[Event "DVM U14 2021"]
[Site "Willingen"]
[Date "2022.08.15"]
[Round "5"]
[White "Isbilir, Levin"]
[Black "Helmbrecht, Paul"]
[Result "0-1"]
[ECO "B19"]
[WhiteElo "1629"]
[BlackElo "1661"]
[Annotator "NA RC"]
[PlyCount "62"]
[EventDate "2022.08.12"]
[EventType "team-tourn"]
[EventRounds "7"]
[EventCountry "GER"]
[SourceTitle "playchess.com"]
[Source "ChessBase"]
[SourceQuality "1"]
[TimeControl "40/5400+30:1800+30"]

1. e4 c6 2. d4 d5 3. Nc3 dxe4 4. Nxe4 Bf5 5. Ng3 Bg6 6. Nf3 Nd7 7. h4 h6 8. h5 Bh7 9. Bd3 Bxd3 10. Qxd3 e6 11. Bd2 Ngf6 12. O-O-O Be7 13. Kb1 O-O 14. Ne4 c5 15. dxc5 Nxc5 16. Nxf6+ Bxf6 17. Qb5 Qc7 18. Be3 Rac8 19. Bd4 Nd7 20. c3 a6 21. Qe2 e5 22. Be3 e4 23. Nd4 Nc5 24. Qg4 Kh8 25. Nf5 Nd3 26. Nd4 Nxb2 27. Kxb2 Qxc3+ 28. Kb1 Rc4 29. Rd2 Rb4+ 30. Nb3 Qa1+ 31. Kc2 Rc4# 0-1

[Event "DVM U14 2021"]
[Site "Willingen"]
[Date "2022.08.15"]
[Round "5"]
[White "Pichl, Christoph"]
[Black "Menne, Lukas"]
[Result "1-0"]
[ECO "D60"]
[WhiteElo "1617"]
[BlackElo "1190"]
[Annotator "NA RC"]
[PlyCount "111"]
[EventDate "2022.08.12"]
[EventType "team-tourn"]
[EventRounds "7"]
[EventCountry "GER"]
[SourceTitle "playchess.com"]
[Source "ChessBase"]
[SourceQuality "1"]
[TimeControl "40/5400+30:1800+30"]

1. d4 d5 2. c4 e6 3. Nc3 Nf6 4. Bg5 Be7 5. e3 c6 6. Nf3 O-O 7. Bd3 Nbd7 8. O-O c5 9. Rc1 b6 10. cxd5 Nxd5 11. Bxe7 Qxe7 12. Be4 Bb7 13. Bxd5 exd5 14. dxc5 Nxc5 15. Nxd5 Bxd5 16. Qxd5 Rfd8 17. Qc4 Rd7 18. Rfd1 Rad8 19. Rxd7 Qxd7 20. Nd4 g6 21. h3 Re8 22. b4 Ne6 23. Nxe6 Qxe6 24. Qxe6 Rxe6 25. Rc7 a6 26. Kf1 Kg7 27. Ke2 Rd6 28. a4 b5 29. axb5 axb5 30. Rb7 Rd5 31. f3 g5 32. e4 Re5 33. Ke3 Kg6 34. Rb6+ f6 35. g4 h6 36. Kd4 Kf7 37. Rb7+ Kg8 38. Rc7 Re8 39. Rc5 Rd8+ 40. Rd5 Rxd5+ 41. Kxd5 Kf7 42. Kc5 Ke6 43. Kxb5 Ke5 44. Kc4 Kf4 45. b5 Kxf3 46. b6 Kg3 47. b7 Kxh3 48. b8=Q Kxg4 49. Qc8+ Kg3 50. Qf5 h5 51. Qxf6 g4 52. Qf1 h4 53. Qg1+ Kh3 54. Kd3 g3 55. Ke3 g2 56. Kf2 1-0

[Event "DVM U14 2021"]
[Site "Willingen"]
[Date "2022.08.15"]
[Round "5"]
[White "Bolz, Jannis"]
[Black "Herfurt, Manuel"]
[Result "1/2-1/2"]
[ECO "A09"]
[WhiteElo "1616"]
[BlackElo "1656"]
[Annotator "NA RC"]
[PlyCount "46"]
[EventDate "2022.08.12"]
[EventType "team-tourn"]
[EventRounds "7"]
[EventCountry "GER"]
[SourceTitle "playchess.com"]
[Source "ChessBase"]
[SourceQuality "1"]
[TimeControl "40/5400+30:1800+30"]

1. Nf3 d5 2. g3 c5 3. Bg2 Nc6 4. O-O Nf6 5. d3 e5 6. c4 d4 7. e3 Be7 8. exd4 exd4 9. Bf4 O-O 10. Nbd2 Bf5 11. Nb3 Rc8 12. Re1 b6 13. Qd2 Nh5 14. Rad1 Nxf4 15. Qxf4 Bg6 16. h4 Bd6 17. Qg4 h5 18. Qg5 Qxg5 19. Nxg5 Ne5 20. Ne4 Bb8 21. Nc1 a5 22. Ne2 Ng4 23. Ng5 Rfe8 1/2-1/2

[Event "DVM U14 2021"]
[Site "Willingen"]
[Date "2022.08.15"]
[Round "5"]
[White "Mehner, Lorenz"]
[Black "Kiefhaber, Tobias"]
[Result "1/2-1/2"]
[ECO "E87"]
[WhiteElo "1602"]
[BlackElo "1581"]
[Annotator "NA RC"]
[PlyCount "74"]
[EventDate "2022.08.12"]
[EventType "team-tourn"]
[EventRounds "7"]
[EventCountry "GER"]
[SourceTitle "playchess.com"]
[Source "ChessBase"]
[SourceQuality "1"]
[TimeControl "40/5400+30:1800+30"]

1. d4 Nf6 2. c4 d6 3. Nc3 g6 4. e4 Bg7 5. f3 O-O 6. Be3 e5 7. d5 Nbd7 8. Bd3 a5 9. Qd2 Nc5 10. O-O-O b6 11. Nge2 Ba6 12. Kb1 Nfd7 13. a3 Nxd3 14. Qxd3 Nc5 15. Bxc5 bxc5 16. Na2 Qd7 17. Nec3 Rfb8 18. Kc2 Rb6 19. Rb1 Rab8 20. b3 Bc8 21. g4 Qe7 22. h4 Bd7 23. h5 g5 24. Rb2 h6 25. Rhb1 Qe8 26. b4 axb4 27. axb4 cxb4 28. Nxb4 Ra8 29. Nd1 Ra4 30. Na2 Rxb2+ 31. Rxb2 Ra8 32. Nac3 Ra3 33. Qe2 Qa8 34. Kd3 Qa7 35. Kc2 Bf6 36. Nb1 Ba4+ 37. Kc1 Bxd1 1/2-1/2

[Event "DVM U14 2021"]
[Site "Willingen"]
[Date "2022.08.15"]
[Round "5"]
[White "Sökler, Jakob"]
[Black "Leonard, Etienne Peter"]
[Result "1-0"]
[ECO "A13"]
[WhiteElo "1571"]
[BlackElo "1373"]
[Annotator "NA RC"]
[PlyCount "59"]
[EventDate "2022.08.12"]
[EventType "team-tourn"]
[EventRounds "7"]
[EventCountry "GER"]
[SourceTitle "playchess.com"]
[Source "ChessBase"]
[SourceQuality "1"]
[TimeControl "40/5400+30:1800+30"]

1. Nf3 d5 2. e3 c5 3. b3 e6 4. Bb2 Nf6 5. Be2 Be7 6. O-O O-O 7. c4 Nc6 8. d4 cxd4 9. Nxd4 Nxd4 10. Qxd4 b6 11. cxd5 exd5 12. Bf3 Bb7 13. g4 Bc5 14. Qc3 d4 15. exd4 Bxd4 16. Qxd4 Qxd4 17. Bxd4 Bxf3 18. h3 Rfd8 19. Nd2 Bb7 20. Bxf6 gxf6 21. Nc4 b5 22. Ne3 Be4 23. Rfc1 Rac8 24. Rxc8 Rxc8 25. Rd1 Bf3 26. Rd7 a6 27. Rd6 Rc6 28. Rd7 Kg7 29. Nf5+ Kg8 30. Rd8# 1-0

[Event "DVM U14 2021"]
[Site "Willingen"]
[Date "2022.08.15"]
[Round "5"]
[White "Goldinov, Daniel"]
[Black "Chugunov, Ivan"]
[Result "1/2-1/2"]
[ECO "B22"]
[WhiteElo "1546"]
[BlackElo "1630"]
[Annotator "NA RC"]
[PlyCount "42"]
[EventDate "2022.08.12"]
[EventType "team-tourn"]
[EventRounds "7"]
[EventCountry "GER"]
[SourceTitle "playchess.com"]
[Source "ChessBase"]
[SourceQuality "1"]
[TimeControl "40/5400+30:1800+30"]

1. e4 c5 2. c3 Nf6 3. e5 Nd5 4. d4 cxd4 5. Nf3 Nc6 6. cxd4 d6 7. exd6 Qxd6 8. Nc3 Nxc3 9. bxc3 Bf5 10. Bd3 Bxd3 11. Qxd3 g6 12. O-O Bg7 13. Re1 O-O 14. Ng5 h6 15. Ne4 Qd5 16. Qh3 h5 17. Ng5 Bf6 18. Ne4 Bg7 19. Ng5 Bf6 20. Ne4 Bg7 21. Ng5 Bf6 1/2-1/2

[Event "DVM U14 2021"]
[Site "Willingen"]
[Date "2022.08.15"]
[Round "5"]
[White "Strauss, Florian"]
[Black "Wagner, Anton"]
[Result "1/2-1/2"]
[ECO "B13"]
[WhiteElo "1527"]
[BlackElo "1479"]
[Annotator "NA RC"]
[PlyCount "60"]
[EventDate "2022.08.12"]
[EventType "team-tourn"]
[EventRounds "7"]
[EventCountry "GER"]
[SourceTitle "playchess.com"]
[Source "ChessBase"]
[SourceQuality "1"]
[TimeControl "40/5400+30:1800+30"]

1. e4 c6 2. d4 d5 3. exd5 cxd5 4. Bd3 Nc6 5. c3 Nf6 6. h3 e5 7. dxe5 Nxe5 8. Qe2 Qe7 9. Bb5+ Bd7 10. Bg5 Bxb5 11. Qxb5+ Qd7 12. Qe2 Qe6 13. Bxf6 gxf6 14. Qb5+ Qc6 15. Na3 Bxa3 16. Qxc6+ bxc6 17. bxa3 Rb8 18. Ne2 Nd3+ 19. Kf1 O-O 20. Nd4 c5 21. Nc6 Rb2 22. Ne7+ Kh8 23. Nxd5 Rxf2+ 24. Kg1 Re8 25. Rd1 Ree2 26. Rxd3 Rxg2+ 27. Kf1 Rgf2+ 28. Kg1 Rg2+ 29. Kf1 Rgf2+ 30. Kg1 Rg2+ 1/2-1/2

[Event "DVM U14 2021"]
[Site "Willingen"]
[Date "2022.08.15"]
[Round "5"]
[White "Vecera, Fabio"]
[Black "Schaudienst, Arvid"]
[Result "1/2-1/2"]
[ECO "E65"]
[WhiteElo "1527"]
[BlackElo "1431"]
[Annotator "NA RC"]
[PlyCount "76"]
[EventDate "2022.08.12"]
[EventType "team-tourn"]
[EventRounds "7"]
[EventCountry "GER"]
[SourceTitle "playchess.com"]
[Source "ChessBase"]
[SourceQuality "1"]
[TimeControl "40/5400+30:1800+30"]

1. Nf3 Nf6 2. c4 g6 3. Nc3 Bg7 4. g3 O-O 5. Bg2 d6 6. d4 c5 7. O-O Nc6 8. dxc5 dxc5 9. Qc2 Bf5 10. e4 Bd7 11. Rd1 Qc7 12. Bf4 e5 13. Bg5 Be6 14. Nd5 Bxd5 15. cxd5 Nd4 16. Nxd4 exd4 17. Rxd4 Qe5 18. Bxf6 Bxf6 19. Rd2 Qd6 20. Rc1 Bd4 21. b4 b6 22. Qd3 f5 23. bxc5 bxc5 24. Re1 fxe4 25. Bxe4 Rae8 26. Ree2 Qf6 27. Bg2 Rxe2 28. Qxe2 Bxf2+ 29. Kh1 Bd4 30. Qe6+ Kg7 31. Re2 Rf7 32. Qxf6+ Rxf6 33. Re7+ Rf7 34. Re6 Rf6 35. Re7+ Rf7 36. Re6 Rf6 37. Re7+ Rf7 38. Re6 Rf6 1/2-1/2

[Event "DVM U14 2021"]
[Site "Willingen"]
[Date "2022.08.15"]
[Round "5"]
[White "Stein, Theodor"]
[Black "Gold, Jan Christian"]
[Result "1-0"]
[ECO "C01"]
[WhiteElo "1510"]
[BlackElo "1638"]
[Annotator "NA RC"]
[PlyCount "61"]
[EventDate "2022.08.12"]
[EventType "team-tourn"]
[EventRounds "7"]
[EventCountry "GER"]
[SourceTitle "playchess.com"]
[Source "ChessBase"]
[SourceQuality "1"]
[TimeControl "40/5400+30:1800+30"]

1. e4 e6 2. d4 d5 3. exd5 exd5 4. c4 Nf6 5. Nc3 Bb4 6. a3 Bxc3+ 7. bxc3 O-O 8. Nf3 Re8+ 9. Be3 Ng4 10. Qd2 dxc4 11. Bxc4 Qe7 12. O-O Be6 13. Bg5 Qd7 14. Bd3 Bd5 15. Qc2 Bxf3 16. gxf3 Qd5 17. Bxh7+ Kh8 18. Qf5 Qxf5 19. Bxf5 Nh6 20. Be4 c6 21. Rab1 b6 22. Rfe1 Rc8 23. Bxh6 gxh6 24. Bf5 Rg8+ 25. Kf1 Kg7 26. Re5 Na6 27. Rbe1 Kf6 28. Bd3 Nc7 29. Rf5+ Kg7 30. Re7 Rgc8 31. Rfxf7+ 1-0

[Event "DVM U14 2021"]
[Site "Willingen"]
[Date "2022.08.15"]
[Round "5"]
[White "Eichhorn, Valentin"]
[Black "Ehrig, Leon Chris"]
[Result "1/2-1/2"]
[ECO "B13"]
[WhiteElo "1506"]
[BlackElo "1832"]
[Annotator "NA RC"]
[PlyCount "77"]
[EventDate "2022.08.12"]
[EventType "team-tourn"]
[EventRounds "7"]
[EventCountry "GER"]
[SourceTitle "playchess.com"]
[Source "ChessBase"]
[SourceQuality "1"]
[TimeControl "40/5400+30:1800+30"]

1. d4 c5 2. e3 cxd4 3. exd4 g6 4. Nf3 d5 5. Bd3 Bg7 6. Bf4 Nc6 7. c3 Nf6 8. Nbd2 O-O 9. O-O Bf5 10. Bxf5 gxf5 11. Ne5 Ne4 12. Nxc6 bxc6 13. Nxe4 (13. Qh5 $14) 13... fxe4 14. Qd2 f6 15. Bh6 e5 16. Bxg7 Kxg7 17. dxe5 fxe5 18. Rad1 Qh4 19. Qe3 Rf6 20. Qg3+ Qxg3 21. hxg3 Raf8 22. Rde1 ({White should play} 22. c4 $1 $11) 22... Rg6 23. Re2 Rf5 (23... Rb8 $15) 24. c4 Rh5 25. Rfe1 Rgh6 (25... Kf6 $17 26. cxd5 cxd5) 26. f3 Rh1+ 27. Kf2 exf3 28. Rxe5 fxg2 29. Re7+ Kf6 30. R1e6+ (30. R7e6+ $1 $11 Kg5 31. Kxg2) 30... Kf5 31. Re1 $2 ({Wrong is} 31. Re5+ $2 Kg4 32. Re1 Kh3 $19) (31. g4+ Kxg4 32. Rg7+ Kf5 33. Rxh6 Rxh6 34. cxd5) 31... Kg4 (31... Rxe1 $142 32. Rxe1 Rh1) 32. Rg1 Kh3 33. Rf7 Rxg1 34. Kxg1 Kxg3 35. Rg7+ Kf3 36. Rf7+ Kg3 $2 (36... Ke3 $19 37. cxd5 cxd5 38. Re7+ Kf3 39. Rf7+ Kg3 40. Rg7+ Rg6 41. Rxh7 d4) 37. Rg7+ Kh3 $2 (37... Rg6 $19 {and Black stays clearly on top.} 38. Rxa7 d4 39. Rxh7 Re6 40. Rg7+ Kf3 41. Rf7+ Ke3 42. Kxg2 d3 43. Rf3+ Kd2) 38. Rxa7 $2 {[%emt 0:00:19] [#]} (38. cxd5 $11 {and White is okay.} cxd5 39. Rxa7) 38... Rh4 $11 ({And not} 38... dxc4 39. Ra3+ Kg4 40. Rc3 $11) (38... d4 $1 $19 39. Ra3+ Kg4 40. Kxg2 Kf4) 39. cxd5 1/2-1/2

[Event "DVM U14 2021"]
[Site "Willingen"]
[Date "2022.08.15"]
[Round "5"]
[White "Apel, Linus"]
[Black "Trenz, Finn"]
[Result "0-1"]
[ECO "B01"]
[WhiteElo "1488"]
[BlackElo "1667"]
[Annotator "NA RC"]
[PlyCount "85"]
[EventDate "2022.08.12"]
[EventType "team-tourn"]
[EventRounds "7"]
[EventCountry "GER"]
[SourceTitle "playchess.com"]
[Source "ChessBase"]
[SourceQuality "1"]
[TimeControl "40/5400+30:1800+30"]

1. e4 d5 2. exd5 Qxd5 3. Nc3 Qd6 4. d4 Nf6 5. Bc4 a6 6. Nf3 b5 7. Be2 Bb7 8. O-O e6 9. Bg5 Nbd7 10. Qd2 c5 11. Rad1 b4 12. Nb1 Ne4 13. Qc1 Nxg5 14. Qxg5 h6 15. Qe3 Nf6 16. dxc5 Qxc5 17. Qxc5 Bxc5 18. c3 a5 19. Ne5 Ke7 20. Nd2 bxc3 21. bxc3 Rhc8 22. c4 Rc7 23. Bf3 Bxf3 24. Ndxf3 Rac8 25. Rb1 Ne4 26. Rb2 Nd6 27. Re1 Bb4 28. Rd1 Nxc4 29. Rc2 Nxe5 30. Rxc7+ Rxc7 31. Nxe5 f6 32. Ng6+ Kf7 33. Nf4 e5 34. Nd3 Be7 35. f4 e4 36. Ne1 f5 37. Rd5 Rc5 38. Rd7 Ke6 39. Rd1 g5 40. g3 Rd5 41. Rc1 Rd2 42. Rc6+ Kd5 43. Rc3 0-1

[Event "DVM U14 2021"]
[Site "Willingen"]
[Date "2022.08.15"]
[Round "5"]
[White "Römer, Uri"]
[Black "Braeutigam, Alexander"]
[Result "0-1"]
[ECO "B21"]
[WhiteElo "1485"]
[BlackElo "1771"]
[Annotator "NA RC"]
[PlyCount "100"]
[EventDate "2022.08.12"]
[EventType "team-tourn"]
[EventRounds "7"]
[EventCountry "GER"]
[SourceTitle "playchess.com"]
[Source "ChessBase"]
[SourceQuality "1"]
[TimeControl "40/5400+30:1800+30"]

1. e4 c5 2. d4 cxd4 3. c3 d3 4. c4 d6 5. Bxd3 Nf6 6. Nc3 g6 7. Nf3 Nc6 8. h3 Bg7 9. O-O O-O 10. Bf4 Nd7 11. a3 b6 12. Qc2 Bb7 13. Rfe1 Rc8 14. Rad1 Nce5 15. Nxe5 Nxe5 16. Bxe5 Bxe5 17. Qc1 Bg7 18. f4 Qc7 19. Kh1 a6 20. Nd5 Bxd5 21. cxd5 Qxc1 22. Rxc1 Bxb2 23. Rb1 Bd4 24. a4 a5 25. Bb5 Rc2 26. Rbc1 Rfc8 27. Bc6 Rxc1 28. Rxc1 Be3 29. Rf1 Rc7 30. g4 Kg7 31. f5 g5 32. Re1 Bd4 33. Rd1 Bc5 34. Kg2 Rc8 35. Rf1 Kf6 36. Kf3 Rh8 37. Re1 h5 38. Re2 hxg4+ 39. Kxg4 Rh4+ 40. Kg3 Ke5 41. Bb7 Rxe4 42. Rxe4+ Kxe4 43. Kg4 f6 44. Bc6 Be3 45. Bb7 b5 46. axb5 a4 47. Bc6 a3 48. b6 Bxb6 49. Ba4 a2 50. Bc2+ Ke5 0-1

[Event "DVM U14 2021"]
[Site "Willingen"]
[Date "2022.08.15"]
[Round "5"]
[White "Borgert, Alexander"]
[Black "Spranger, Tobias"]
[Result "0-1"]
[ECO "D32"]
[WhiteElo "1477"]
[BlackElo "1522"]
[Annotator "NA RC"]
[PlyCount "104"]
[EventDate "2022.08.12"]
[EventType "team-tourn"]
[EventRounds "7"]
[EventCountry "GER"]
[SourceTitle "playchess.com"]
[Source "ChessBase"]
[SourceQuality "1"]
[TimeControl "40/5400+30:1800+30"]

1. d4 d5 2. c4 e6 3. Nc3 c5 4. cxd5 exd5 5. Nf3 Nc6 6. Bf4 Nf6 7. e3 cxd4 8. Nxd4 Bb4 9. a3 Ba5 10. Bb5 Bd7 11. Bg5 a6 12. Bxc6 Bxc6 13. b4 Bc7 14. Nxc6 bxc6 15. Qd4 Qe7 16. Bxf6 Qxf6 17. Qxf6 gxf6 18. Rc1 Kd7 19. O-O Be5 20. Na4 Rhb8 21. Nc5+ Kc7 22. Rb1 Bd6 23. Rfc1 a5 24. b5 Rxb5 25. Rxb5 cxb5 26. Ne4+ Kd7 27. Nc5+ Ke7 28. a4 Rc8 29. Nb3 Rxc1+ 30. Nxc1 bxa4 31. Na2 Bb4 32. Kf1 Kd6 33. Ke2 Kc5 34. Kd3 a3 35. f3 f5 36. h3 Be1 37. g4 fxg4 38. hxg4 f6 39. Ke2 Bb4 40. Kd3 Kd6 41. Kd4 Bc5+ 42. Kd3 h6 43. Nc3 Ke6 44. e4 d4 45. Na2 Ke5 46. Ke2 Kf4 47. Nc1 Kg3 48. Nb3 a2 49. Na1 d3+ 50. Kxd3 Kxf3 51. Kc4 Bd6 52. Kd5 Be5 0-1